 Dungeon Crawl Stone Soup version 0.29.1 (webtiles) character file.

Game seed: 9761201828271313618

263 GigaChad the Covered (level 5, -1/46 HPs)
             Began as a Minotaur Fighter on Sept 13, 2022.
             Slain by an orc wizard
             ... wielding a +0 dagger
              (3 damage)
             ... on level 4 of the Dungeon.
             The game lasted 00:03:42 (1735 turns).

GigaChad the Covered (Minotaur Fighter)             Turns: 1735, Time: 00:03:42

Health: -1/46      AC:  7    Str: 23    XL:     5   Next: 98%
Magic:  4/4        EV:  9    Int:  5    God:
Gold:   92         SH:  0    Dex:  9    Spells: 4/4 levels left

rFire   . . .      SeeInvis .   a - +0 long sword
rCold   . . .      Faith    .   c - +0 buckler
rNeg    . . .      Spirit   .   b - +0 scale mail
rPois   .          Reflect  .   (helmet restricted)
rElec   .          Harm     .   (no cloak)
rCorr   .          Rampage  .   (no gloves)
Will    .....                   (no boots)
Stlth   ..........              (no amulet)
HPRegen 0.15/turn               (no ring)
MPRegen 0.09/turn               (no ring)

@: confused
A: horns 2, retaliatory headbutt
a: no special abilities


You were on level 4 of the Dungeon.
You visited 1 branch of the dungeon, and saw 3 of its levels.

You collected 92 gold pieces.

Inventory:

Hand Weapons
 a - a +0 long sword (weapon)
Armour
 b - a +0 scale mail (worn)
 c - a +0 buckler (worn)
Magical Staves
 i - a staff of cold
Jewellery
 e - a ring of resist corrosion
Scrolls
 g - 2 scrolls of enchant weapon
 j - a scroll of identify
 o - a scroll of teleportation
Potions
 d - 4 potions of might
 f - a potion of lignification {unknown}
 h - 2 potions of attraction {unknown}
 k - a potion of curing {unknown}
 l - a potion of resistance {unknown}
 m - a potion of brilliance {unknown}
 n - a potion of heal wounds {unknown}


   Skills:
 + Level 4.2 Fighting
 + Level 4.9 Long Blades
 + Level 5.4 Armour
 + Level 1.0 Dodging
 + Level 0.2 Stealth
 + Level 4.7 Shields


You had 4 spell levels left.
You didn't know any spells.
Your spell library was empty.

Dungeon Overview and Level Annotations

Branches:
Dungeon (2/15)

Altars:


Innate Abilities, Weirdness & Mutations

You have a pair of horns on your head.
You reflexively headbutt those who attack you in melee.


Message History

The iguana barely misses you.
You barely miss the iguana.
The iguana is almost dead.
The iguana closely misses you.
You hit the iguana.
You kill the iguana!
You hear some strange, mumbled words.
You are confused.
The orc hits you with a +0 whip.
* * * LOW HITPOINT WARNING * * *
You're too confused to move!
An orc wizard appears from thin air!
Reactivating autopickup.
You're too confused to move!
You bump into the rock wall.
The orc wizard hits you but does no damage.
You bump into the rock wall.
The orc wizard points at you and mumbles some strange words.
You resist with some effort.
You miss the orc wizard.
You feel less confused.
The orc wizard hits you but does no damage.
You barely miss the orc wizard.
The orc wizard hits you with a +0 dagger.
* * * LOW HITPOINT WARNING * * *
You hit the orc wizard but do no damage.
The orc wizard completely misses you.
You hit the orc wizard but do no damage.
The orc wizard points at you and mumbles some strange words.
You are confused.
You bump into the rock wall.
The orc wizard hits you but does no damage.
You bump into the rock wall.
The orc wizard hits you but does no damage.
You bump into the rock wall.
The orc wizard hits you with a +0 dagger.
* * * LOW HITPOINT WARNING * * *
You bump into the rock wall.
The orc wizard closely misses you.
You bump into the rock wall.
The orc wizard hits you with a +0 dagger.
You die...

#{# # #)# # #o#
#.##### #.# #.....
#o# #.#####
#.####.## #
#####........ #
######..@oo# #
##......##### #
#........## #
#.........##### #
#...#.........## #
#....##........#.#
#
#....##..##....#.#
#
#...#....##.#.....
##.........#.....
.....#


You could see an orc wizard and an orc.

Vanquished Creatures
  A black bear (D:4)
  A phantom (D:4)
  2 iguanas (D:4)
  An orc wizard (D:4)
  A dart slug (D:1)
  2 orcs (D:4)
  4 ball pythons
  3 bats (D:1)
  An endoplasm (D:4)
  3 goblins (D:1)
  2 hobgoblins
  2 frilled lizards (D:1)
  A kobold (D:4)
  2 rats (D:1)
26 creatures vanquished.

Notes
Turn   | Place    | Note
-------+----------+-------------------------------------------
     0 | D:1      | GigaChad the Minotaur Fighter began the quest for the Orb.
     0 | D:1      | Reached XP level 1. HP: 19/19 MP: 0/0
   378 | D:1      | Reached XP level 2. HP: 25/27 MP: 1/1
   495 | D:1      | Reached skill level 4 in Armour
   754 | D:2      | You fall into a shaft and drop 2 floors!
   799 | D:4      | Reached XP level 3. HP: 11/33 MP: 2/2
  1196 | D:4      | Noticed a phantom
  1220 | D:4      | Killed a phantom
  1221 | D:4      | Reached XP level 4. HP: 16/40 MP: 3/3
  1434 | D:4      | Noticed a black bear
  1444 | D:4      | Killed a black bear
  1445 | D:4      | Reached skill level 5 in Armour
  1445 | D:4      | Reached XP level 5. HP: 33/46 MP: 4/4
  1646 | D:4      | Reached skill level 1 in Dodging
  1733 | D:4      | HP: 2/46 [orc wizard/+0 dagger (2)]
  1735 | D:4      | Slain by an orc wizard

Illustrated notes

Levels and vault maps discovered:
D:1:      amcnicky_arrival_single_pillar, layout_basic
D:2:      layout_basic, chequers_ecumenical_altar_simple_redux,
          palyth_stone_intersect, hangedman_decor_slide_cut
D:4:      layout_loops_ring, minmay_stone_trees_small, chequers_arboretum,
          hangedman_decor_growths

Skill      XL: |  1  2  3  4  5 |
---------------+----------------+-----
Shields        | 4 |  4.7
Armour         | 4 5 |  5.4
Long Blades    | 3 4 |  4.9
Fighting       | 4 |  4.2
Dodging        | 1 |  1.0
Stealth        | |  0.2

Action                   |  1- 3 |  4- 6 || total
-------------------------+-------+-------++-------
Melee: Long sword        |    61 |    39 ||   100
       Headbutt          |     7 |     4 ||    11
  Use: Scroll            |     3 |       ||     3
Armor: Scale mail        |    46 |    23 ||    69
Dodge: Dodged            |    39 |    19 ||    58
Block: Buckler           |    14 |     7 ||    21
